 Dungeon Crawl Stone Soup version 0.17-a0-2055-gb4e23be (webtiles) character file.

586552 4thArraOfDagon the Executioner (level 27, -11/260 (261) HPs)
             Began as a Hill Orc Berserker on Oct 11, 2015.
             Was the Champion of Makhleb.
             Killed by divine providence
             ... invoked by a mummy priest
              (13 damage)
             ... on level 16 of a ziggurat.
             The game lasted 04:08:02 (25142 turns).

4thArraOfDagon the Executioner (HOBe)              Turns: 25142, Time: 04:08:02

HP:   -11/260 (261) AC: 58    Str: 29    XL:     27
MP:   38/45         EV:  9    Int: 16    God:    Makhleb [******]
Gold: 1802          SH:  0    Dex: 16    Spells: 10 memorised, 12 levels left

rFire  + + +     SeeInvis +     W - +3 executioner's axe of Dismay {vamp, rF+ rC+}
rCold  + + .     Clarity  .     q - +11 gold dragon armour
rNeg   + + +     SustAt   .     (no shield)
rPois  +         Gourm    .     h - +4 helmet of Aduese {Regen+ Slay+3 SInv}
rElec  +         Spirit   .     g - +2 cloak {+Inv}
rCorr  .         Warding  +     G - +1 pair of gloves
rMut   .         Stasis   .     T - +2 pair of boots of the Assassin {DetectMon Stab+ Stlth++}
MR     ++...                    P - amulet of Lyixots {Ward rF+ rN+}
Stlth  ..........               o - ring "Ylafoxzi" {rElec rN+ Dex+4}
                                b - ring "Nahilej" {rN+ MP+9 Str+2 Dex+2}

@: repel missiles, very resistant to hostile enchantments, extremely unstealthy
A: claws 1, hooves 1, rough black scales 1, agile 1, poison resistance,
electricity resistance, strong 1
a: Minor Destruction, Lesser Servant of Makhleb, Major Destruction, Greater
Servant of Makhleb, Renounce Religion, Evoke Invisibility
}: 3/15 runes: silver, golden, abyssal


You were on level 16 of a ziggurat.
You worshipped Makhleb.
Makhleb was exalted by your worship.
You were not hungry.

You visited 8 branches of the dungeon, and saw 46 of its levels.
You visited the Abyss 5 times.
You visited 1 ziggurat, and saw 16 of its levels.
You also visited: Labyrinth, Ice Cave, Volcano and Wizlab.

You collected 4529 gold pieces.
You spent 2613 gold pieces at shops.

Inventory:

Hand Weapons
 W - the +3 executioner's axe of Dismay (weapon) {vamp, rF+ rC+}
   (Trog gifted it to you on level 8 of the Lair of Beasts)

   It inflicts no extra harm, but heals its wielder somewhat when it strikes a
   living foe.
   It protects you from fire.
   It protects you from cold.
Armour
 g - a +2 cloak of invisibility (worn)
 h - the +4 helmet of Aduese (worn) {Regen+ Slay+3 SInv}
   (You found it on level 6 of the Lair of Beasts)

   It affects your accuracy and damage with ranged weapons and melee attacks
   (+3).
   It lets you see invisible.
   It increases your rate of regeneration.
 q - a +11 gold dragon armour (worn)
 G - a +1 pair of gloves (worn)
 T - the +2 pair of boots of the Assassin (worn) {DetectMon Stab+ Stlth++}
   (You acquired it on level 4 of the Orcish Mines)

   It makes you much more stealthy.
Magical Staves
 V - an uncursed staff of energy {!a}
Jewellery
 b - the ring "Nahilej" (left hand) {rN+ MP+9 Str+2 Dex+2}
   (You found it on level 3 of the Tomb of the Ancients)

   [ring of strength]

   It affects your strength (+2).
   It affects your dexterity (+2).
   It protects you from negative energy.
   It affects your magic capacity (+9).
 l - the ring "Bink" {Ice Str-3 Slay+4}
   (You found it on level 3 of the Tomb of the Ancients)

   [ring of ice]

   It enhances your ice magic, and weakens your fire magic.
   It affects your strength (-3).
   It affects your accuracy and damage with ranged weapons and melee attacks
   (+4).
   It makes you vulnerable to fire.
   It protects you from cold.
 o - the ring "Ylafoxzi" (right hand) {rElec rN+ Dex+4}
   (You found it on level 5 of the Vaults)

   [ring of positive energy]

   It affects your dexterity (+4).
   It insulates you from electricity.
   It protects you from negative energy.
 p - an uncursed ring of flight
 v - an uncursed amulet of rage
 E - the amulet of the Four Winds {Clar rN+ MR+++}
   (You found it on level 3 of the Tomb of the Ancients)

   [amulet of clarity]

   It provides mental clarity.
   It protects you from negative energy.
   It affects your resistance to hostile enchantments.
 H - an uncursed ring of wizardry
 M - the ring of Robustness {AC+8}
   (You found it on level 5 of the Vaults)

   [ring of protection]

   It affects your AC (+8).
 P - the amulet of Lyixots (around neck) {Ward rF+ rN+}
   (You found it on level 8 of the Lair of Beasts)

   [amulet of warding]

   It may prevent the melee attacks of summoned creatures.
   It protects you from fire.
   It protects you from negative energy.
 R - the amulet of the Worm {Regen+ Int+3}
   (You found it on level 9 of a ziggurat)

   [amulet of regeneration]

   It affects your intelligence (+3).
   It increases your rate of regeneration.
Wands
 i - a wand of cold (11)
 t - a wand of heal wounds (6)
 y - a wand of disintegration (7)
 J - a wand of digging (3)
 Z - a wand of heal wounds (6)
Scrolls
 f - 8 scrolls of remove curse
 z - 3 scrolls of blinking
 C - 10 scrolls of teleportation
 N - a scroll of magic mapping
 Q - 5 scrolls of summoning
 U - 2 scrolls of recharging
 X - 3 scrolls of fog
Potions
 a - 4 potions of cure mutation
 d - a potion of lignification
 j - 3 potions of magic
 k - 6 potions of agility
 s - 2 potions of invisibility
 u - 3 potions of ambrosia
 x - 2 potions of resistance
 B - a potion of haste
 F - 3 potions of brilliance
 L - 7 potions of curing
 O - a potion of might
 Y - a potion of heal wounds
Miscellaneous
 e - a stone of tremors
 m - a lamp of fire
 n - a phantom mirror
 r - a plain deck of summoning {the Rangers, drawn: 1}
 w - a sack of spiders {used: 2}
 A - a phial of floods
 I - a box of beasts {used: 1}
 K - an ornate deck of summoning {Famine}
 S - a fan of gales
Comestibles
 c - 7 bread rations
 D - 16 meat rations


   Skills:
 * Level 24.2 Fighting
 - Level 26.1 Axes
 * Level 25.5 Armour
 - Level 1.5 Dodging
 + Level 9.4 Spellcasting
 - Level 11.5 Charms
 - Level 12.2 Necromancy
 - Level 13.0 Translocations
 - Level 5.9 Invocations
 - Level 9.0 Evocations


You had 12 spell levels left.
You knew the following spells:

 Your Spells              Type           Power        Failure   Level  Hunger
a - Apportation           Tloc           #####.....   1%          1    None
b - Regeneration          Chrm/Necr      #####.....   1%          3    None
c - Spectral Weapon       Hex/Chrm       ####....     17%         3    None
d - Passage of Golubria   Tloc           N/A          3%          4    ###....
e - Animate Skeleton      Necr           N/A          1%          1    None
f - Blink                 Tloc           N/A          1%          2    None
g - Phase Shift           Tloc           #####.....   12%         5    #####..
h - Repel Missiles        Chrm/Air       ####..       10%         2    None
i - Silence               Hex/Air        #.........   100%        5    #####..
j - Haste                 Chrm           #####...     87%         6    ######.


Dungeon Overview and Level Annotations

Branches:
Dungeon (15/15)            Temple (0/1) D:5            Lair (8/8) D:10
  Slime (0/6) Lair:6          Orc (4/4) D:9             Elf (3/3) Orc:3
 Vaults (5/5) D:13          Crypt (3/3) Vaults:2       Tomb (3/3) Crypt:3
 Depths (5/5) D:15
  Swamp: Lair:3-6    Shoals: Lair:3-6     Snake: Lair:3-6    Spider: Lair:3-6
    Zot: Depths:5

Altars:
Cheibriados
Fedhas
Gozag
Kikubaaqudgha
Makhleb
Nemelex Xobeh
Qazlal
Xom
Zin
Beogh

Shops:
D:9 :   D:11 }   Orc:4 :(*%   Vaults:1 !(*   Vaults:2 (

Portals:
Hell: Depths:4
Pandemonium: Orc:4 Depths:2 Depths:3

Annotations:
D:10 Harold
Elf:2 Saint Roka
Elf:3 exclusion: Roxanne, Roxanne


Innate Abilities, Weirdness & Mutations

You have sharp fingernails.
You have large cloven feet.
You are partially covered in rough black scales (AC +4, Dex -1).
You are agile. (Dex +2)
Your system is resistant to poisons.
You are resistant to electric shocks.
Your muscles are strong. (Str +2)


Message History

* * * LOW HITPOINT WARNING * * *
The ushabti shakes and rattles.
The vile air hits the death scarab.
The vile air hits the mana viper.
The vile air hits the mummy.
The mummy hits you but does no damage.
Unknown command.
Unknown command.
Unknown command.
A tengu zombie comes into view.
The spectral caustic shrike closely misses you.
The death scarab closely misses you.
The vampire enters the passage of Golubria.
The greater mummy casts a spell at you. Something smites you!
* * * LOW HITPOINT WARNING * * *
The mana viper is engulfed in dark miasma.
The spectral caustic shrike claws you.
* * * LOW HITPOINT WARNING * * *
The mummy priest invokes the aid of its god against you.
Something smites you!
You die...

^...MZ#{{{.......▓▓
|[...W{#M##M8.M....▓▓
=!.....SM§84......∩.▓
[..^.W##§#§.M8.....▓▓
!.......M#MZ......▓▓
........W§BM.....▓▓
▓......zSM.s....▓▓
▓....§ZBs.....▓▓
▓▓....@......▓▓
▓▓▓▓▓▓▓▓▓▓▓▓▓


You could see 2 greater mummies, 2 emperor scorpions, 3 mummy priests, a mana
viper, 2 ushabtiu, a rust devil, a freezing wraith, a spectral caustic shrike, 2
hungry ghosts, 2 death scarabs, 3 mummies, a wight and a juggernaut skeleton.

Vanquished Creatures
  Khufu (Tomb:2)
  An ancient lich (Tomb:2)
  A juggernaut (Zig:11)
  21 greater mummies
  4 shard shrikes (Zig:13)
  Margery (Depths:4)
  6 golden dragons
  Nikola (Depths:1)
  A profane servitor (Crypt:3)
  2 bone dragons
  4 liches
  Jorgrun (Tomb:3)
  2 Hell Sentinels
  3 Ice Fiends (Zig:13)
  4 tentacled monstrosities
  2 deep elf blademasters (Elf:3)
  A deep elf master archer (Elf:3)
  A titan (Vaults:5)
  4 sphinxes
  12 tentacled starspawn
  A quicksilver dragon (Vaults:4)
  6 ancient champions
  2 greater nagas (Zig:8)
  2 storm dragons (Vaults:5)
  4 shadow dragons
  2 revenants
  7 tengu reavers
  A draconian monk (Zig:2)
  Wiglaf (Vaults:3)
  7 fire giants
  4 frost giants
  An iron dragon (Depths:4)
  9 deep elf sorcerers (Elf:3)
  A draconian knight (Zig:13)
  An orc warlord (Zig:9)
  A caustic shrike zombie (Zig:16)
  A curse skull (Crypt:3)
  4 ghost moths (Zig:12)
  7 vault wardens
  4 reapers (Zig:15)
  A draconian annihilator (Zig:4)
  2 angels (Depths:4)
  2 spriggan defenders (Depths:4)
  A ghoul (Crypt:3)
  9 very ugly things
  A caustic shrike skeleton (Zig:15)
  10 ironheart preservers
  2 ophanim
  11 deep elf demonologists
  22 stone giants
  A draconian caller (Zig:4)
  2 black draconians
  5 vampire knights
  A green draconian (Zig:6)
  24 large abominations
  A white draconian (Zig:6)
  A yellow draconian (Zig:6)
  7 bennus
  13 deep elf annihilators
  2 red draconians
  A salamander stormcaller (Vaults:5)
  A purple draconian (Zig:2)
  32 vault guards
  2 green deaths
  Snorg (D:13)
  27 mummy priests
  A minotaur (Lab)
  8 deep elf death magi
  12 ettins
  2 blizzard demons
  2 crystal guardians
  2 eidola
  6 jiangshi
  5 fire dragons
  13 yaktaur captains
  3 deep elf high priests
  4 great orbs of eyes
  2 rakshasas
  5 ice dragons
  2 anacondas (Zig:8)
  3 death knights
  3 entropy weavers
  3 centaur warriors
  The ghost of 4thArraOfDagon the Unseen, a journeyman FeBe of Trog (Elf:3)
  2 hydras
  5 dancing weapons
  3 vampire magi
  A queen ant (shapeshifter) (Vaults:5)
  A deep troll shaman (Depths:5)
  5 deep troll earth magi
  10 ogre magi
  4 tengu warriors
  9 orc high priests
  2 spriggan berserkers (Depths:4)
  3 sun demons
  10 thrashing horrors
  A titan zombie (Zig:5)
  Urug (D:13)
  A naga sharpshooter (Zig:8)
  A soul eater (Zig:5)
  Nergalle (D:10)
  2 fire crabs
  An iron golem (WizLab)
  11 hell knights
  A titan skeleton (Tomb:2)
  12 wretched stars
  A salamander mystic (Zig:8)
  3 storm dragon skeletons
  5 iron trolls
  3 ice devils
  6 shadow wraiths
  4 unseen horrors
  A gelid demonspawn (Orc:4)
  A golden dragon zombie (Zig:15)
  A death drake (Zig:14)
  7 deep elf knights
  29 skeletal warriors
  2 spatial maelstroms (Zig:14)
  4 giant orange brains
  A death drake (shapeshifter) (WizLab)
  A sea snake (Zig:1)
  4 deep elf summoners
  A putrid demonspawn (Orc:4)
  A naga ritualist (Zig:8)
  2 spriggan druids
  84 death scarabs
  2 infernal demonspawn (Orc:4)
  8 swamp dragons
  An unseen horror (shapeshifter) (WizLab)
  3 flayed ghosts
  A lindwurm (Volcano)
  A shambling mangrove (Zig:10)
  6 phantasmal warriors
  A wizard (Depths:4)
  18 deep trolls
  34 hill giants
  A shadow demon (Zig:15)
  A tengu zombie (Zig:5)
  A shadow dragon zombie (Zig:15)
  A sphinx zombie (Zig:15)
  4 wolf spiders
  24 anubis guards
  An orb spider (Zig:12)
  4 necromancers
  5 oklob plants (Zig:10)
  A mana viper (Zig:8)
  An iron dragon zombie (Crypt:1)
  5 orc sorcerers (Orc:4)
  8 ironbrand convokers
  33 ugly things
  5 deep elf conjurers
  2 shining eyes (shapeshifter) (Vaults:5)
  A fire giant zombie (Zig:15)
  A wolf spider (shapeshifter) (Vaults:5)
  3 griffons
  6 hornets
  2 hornets (shapeshifter) (WizLab)
  A sphinx skeleton (Zig:15)
  An orb spider (shapeshifter) (WizLab)
  A salamander (shapeshifter) (WizLab)
  3 elephants (Lair:7)
  6 black mambas
  13 orc knights
  5 cyclopes
  A spriggan zombie (Zig:16)
  A sixfirhy (Abyss:1)
  3 moths of wrath (Zig:9)
  2 apocalypse crabs (Abyss:1)
  A fire giant skeleton (Tomb:3)
  3 worldbinders
  A black mamba (shapeshifter) (WizLab)
  A guardian serpent (Zig:8)
  8 smoke demons
  An elf zombie (Zig:15)
  2 guardian serpents (shapeshifter)
  2 gargoyles (Zig:11)
  3 manticores (shapeshifter)
  A moth of wrath (shapeshifter) (Zig:14)
  A torpor snail (Zig:12)
  Psyche (D:10)
  10 vault sentinels
  A naga mage (Zig:8)
  20 spiny frogs
  A spiny frog (shapeshifter) (WizLab)
  2 hellions (Abyss:1)
  4 orange demons
  3 efreet
  7 komodo dragons
  23 yaktaurs
  4 fire drakes
  A komodo dragon (shapeshifter) (WizLab)
  A tormentor (Depths:3)
  7 demonic crawlers
  3 hellwings
  2 elf skeletons
  7 tengu conjurers
  A silent spectre (Zig:15)
  2 jumping spiders (Zig:12)
  38 guardian mummies
  5 kobold demonologists
  5 deep elf priests
  9 trolls
  A yaktaur (shapeshifter) (Abyss:3)
  11 ancient zymes
  A merfolk (Zig:1)
  A harpy zombie (Crypt:3)
  A queen bee (shapeshifter) (WizLab)
  A red devil (Orc:4)
  A wolf spider simulacrum (Crypt:3)
  4 freezing wraiths
  A wind drake (shapeshifter) (WizLab)
  15 polar bears
  A polar bear (shapeshifter) (WizLab)
  27 blink frogs
  18 ushabtiu
  4 giant leeches
  A snapping turtle (shapeshifter) (WizLab)
  32 slime creatures
  A centaur simulacrum (D:15)
  A bog body (Zig:10)
  An alligator zombie (Tomb:1)
  4 blue devils
  A frost giant simulacrum (Zig:13)
  7 boulder beetles
  32 raiju
  An ice dragon zombie (Tomb:3)
  4 trapdoor spiders
  13 shadows
  A boulder beetle (shapeshifter) (WizLab)
  A redback (shapeshifter) (WizLab)
  3 fire bats (Volcano)
  6 tarantellas
  21 two-headed ogres
  A yak (shapeshifter) (WizLab)
  An air elemental (Abyss:3)
  56 starcursed masses
  65 flying skulls
  27 yaks
  6 ynoxinuls
  A wyvern (D:10)
  A spriggan skeleton (Zig:3)
  4 vampires
  8 deep elf magi
  2 spriggans (Depths:4)
  A steam dragon (shapeshifter) (WizLab)
  10 deep elf fighters
  6 basilisks
  3 golden eyes (Abyss:3)
  3 hungry ghosts
  4 wraiths
  10 redbacks
  6 hippogriffs
  25 small abominations
  A fire elemental (Orc:3)
  A hog (shapeshifter) (Vaults:5)
  11 vampire mosquitoes
  9 neqoxecs
  7 chaos spawn
  6 insubstantial wisps
  A redback simulacrum (D:15)
  3 wolves (Lair:3)
  A hippogriff (shapeshifter) (WizLab)
  2 mottled dragons
  5 wargs
  2 nagas
  6 porcupines
  3 swamp drakes
  16 soldier ants (Lair:5)
  7 water moccasins
  2 hell hounds
  8 necrophages
  57 ogres
  An alligator simulacrum (Abyss:1)
  11 black bears
  4 boggarts (Depths:4)
  2 eyes of draining (shapeshifter)
  A manticore zombie (Tomb:2)
  5 sky beasts
  An ogre (shapeshifter) (Vaults:5)
  2 phantoms
  A swamp dragon skeleton (Crypt:1)
  6 wasps
  43 orc warriors
  2 crocodiles
  5 centaurs (D:12)
  23 ice beasts
  A snapping turtle skeleton (Tomb:1)
  4 brain worms (Depths:1)
  32 giant frogs
  A brain worm (shapeshifter) (Zig:14)
  Blork the orc (D:5)
  3 big kobolds
  3 earth elementals
  A gnoll sergeant (Zig:9)
  A deep troll simulacrum (Vaults:1)
  4 scorpions
  An electric eel (Lair:8)
  A troll zombie (Crypt:1)
  5 killer bees (D:9)
  2 lava snakes (Volcano)
  13 wights
  2 crimson imps
  38 orc priests
  A giant frog zombie (D:12)
  13 jellies (Lair:6)
  A quasit (Abyss:1)
  6 hounds
  24 orc wizards
  4 centaur zombies
  2 iguanas
  An iron imp (Abyss:4)
  23 worker ants
  A lightning spire (Abyss:4)
  29 sheep
  A crocodile zombie (Crypt:1)
  A hound skeleton (D:11)
  A worker ant zombie (D:6)
  55 mummies
  4 gnolls (D:6)
  34 river rats
  15 adders
  4 shadow imps
  4 white imps
  4 giant eyeballs (WizLab)
  3 ufetubi (Abyss:1)
  3 oozes
  2 worms (D:2)
  An adder skeleton (D:6)
  156 orcs
  2 giant cockroaches
  9 goblins
  4 hobgoblins
  7 kobolds
  6 bats
  A giant gecko (D:5)
  2 giant newts
  22 jackals
  3 quokkas
  A quokka zombie (D:8)
  7 rats
  2 fungi (Lair:7)
  7 plants
  10 starspawn tentacles
2350 creatures vanquished.

Vanquished Creatures (collateral kills)
  Sojobo (Tomb:1)
  A bone dragon (Abyss:1)
  4 sphinxes (Tomb:1)
  An ancient champion (Tomb:2)
  Frances (D:13)
  A tengu reaver (Tomb:1)
  A fire giant (Orc:3)
  Maud (D:13)
  2 hydras
  2 alligators (Zig:10)
  A dancing weapon (Elf:2)
  A queen ant (Lair:5)
  An orc high priest (Zig:9)
  A deep elf knight (Elf:2)
  A wretched star (Abyss:1)
  A death scarab (Tomb:3)
  5 anubis guards
  An orb spider (Zig:12)
  A griffon (Lair:8)
  An oklob plant (Zig:10)
  An ugly thing (D:13)
  2 spiny frogs (Lair:8)
  A komodo dragon (Lair:7)
  A giant leech (Lair:8)
  3 guardian mummies
  A blink frog (Lair:6)
  2 deep elf fighters (Elf:2)
  4 soldier ants (Lair:5)
  An ogre (Vaults:4)
  A crocodile (Lair:5)
  4 giant frogs
  3 electric eels (Lair:8)
  A lightning spire (Zig:12)
  5 worker ants (Lair:5)
  3 mummies
62 creatures vanquished.

Vanquished Creatures (others)
  A juggernaut (Zig:11)
  An ancient champion (Tomb:2)
  A fire giant (Vaults:5)
  A draconian knight (Zig:6)
  A stone giant (Vaults:5)
  A bennu (Tomb:2)
  A green death (Zig:10)
  A blizzard demon (Zig:13)
  An ogre mage (Depths:1)
  3 death scarabs
  A deep elf knight (Elf:1)
  A phantasmal warrior (Vaults:5)
  An anubis guard (Zig:16)
  An oklob plant (Zig:10)
  A deep elf conjurer (Elf:3)
  A torpor snail (Zig:11)
  A yaktaur (Vaults:5)
  An efreet (Abyss:3)
  A boulder beetle (Zig:11)
  A shadow dragon simulacrum (Crypt:3)
  7 flying skulls
  A basilisk (shapeshifter) (Depths:1)
  A warg (Vaults:5)
  2 spatial vortices (Zig:14)
  A harpy simulacrum (Tomb:3)
  2 black bears (Tomb:1)
  An ogre (Depths:1)
  A quasit (Abyss:3)
  2 mummies
  2 orcs (Vaults:5)
  5 lost souls
  2 lurking horrors
  15 plants
  29 starspawn tentacles
  91 starspawn tentacle segments
184 creatures vanquished.

Grand Total: 2596 creatures vanquished

Notes
Turn   | Place    | Note
--------------------------------------------------------------
     0 | D:1      | 4thArraOfDagon the Hill Orc Berserker began the quest for the Orb.
     0 | D:1      | Reached XP level 1. HP: 19/19 MP: 1/1
    58 | D:1      | Reached XP level 2. HP: 16/27 MP: 2/2
   164 | D:1      | You fall through a shaft!
   170 | D:2      | Reached XP level 3. HP: 33/33 MP: 3/3
   177 | D:2      | Reached skill level 5 in Axes
   195 | D:2      | Acquired Trog's second power
   210 | D:1      | Reached XP level 4. HP: 12/40 MP: 4/4
   614 | D:4      | Noticed an ogre
   620 | D:4      | Killed an ogre
   620 | D:4      | Reached skill level 6 in Axes
   620 | D:4      | Reached XP level 5. HP: 47/47 MP: 5/5
   623 | D:4      | Reached skill level 5 in Fighting
   652 | D:5      | Entered Level 5 of the Dungeon
   657 | D:5      | Noticed Blork the orc
   671 | D:5      | Killed Blork the orc
   671 | D:5      | Reached XP level 6. HP: 52/56 MP: 6/6
   805 | D:5      | Found a staircase to the Ecumenical Temple.
   966 | D:5      | Reached skill level 7 in Axes
   974 | D:5      | Found a stormy altar of Qazlal.
  1128 | D:5      | Noticed an ice beast
  1176 | D:6      | Reached skill level 1 in Evocations
  1182 | D:6      | Reached XP level 7. HP: 37/61 MP: 6/8
  1250 | D:6      | Reached skill level 8 in Axes
  1334 | D:6      | Reached skill level 5 in Armour
  1336 | D:6      | Reached XP level 8. HP: 70/70 MP: 9/9
  1429 | D:6      | Reached skill level 9 in Axes
  1497 | D:7      | smite city
  1782 | D:7      | Reached skill level 10 in Axes
  1782 | D:7      | Reached XP level 9. HP: 76/79 MP: 12/12
  2212 | D:8      | Found a snail-covered altar of Cheibriados.
  2224 | D:8      | Found a glowing silver altar of Zin.
  2375 | D:10     | Entered Level 10 of the Dungeon
  2375 | D:10     | Noticed Nergalle
  2397 | D:10     | Killed Nergalle
  2397 | D:10     | Reached skill level 11 in Axes
  2397 | D:10     | Reached skill level 5 in Evocations
  2506 | D:10     | :)
  2644 | D:10     | Reached XP level 10. HP: 86/88 MP: 14/14
  2651 | D:10     | Gained mutation: You can spit weak poison. [mutagenic meat]
  2652 | D:10     | Gained mutation: You are dopey. (Int -2) [mutagenic meat]
  2653 | D:10     | Gained mutation: Scrolls take you a little longer to read. [mutagenic meat]
  2654 | D:10     | Gained mutation: You are clumsy. (Dex -2) [mutagenic meat]
  2655 | D:10     | Gained mutation: You are partially covered in rugged brown scales (AC +1, +3% HP). [mutagenic meat]
  2656 | D:10     | Lost mutation: You are partially covered in rugged brown scales (AC +1, +3% HP). [mutagenic meat]
  2660 | D:10     | :)
  2681 | D:10     | Reached skill level 12 in Axes
  2700 | D:10     | Gained mutation: You are resistant to electric shocks. [mutagenic meat]
  2701 | D:10     | Gained mutation: You have a pair of small horns on your head. [mutagenic meat]
  2702 | D:10     | Gained mutation: You are occasionally teleported to nearby monsters. [mutagenic meat]
  2704 | D:10     | Lost mutation: You are clumsy. (Dex -2) [mutagenic meat]
  2745 | D:10     | Noticed a komodo dragon
  2747 | D:10     | Noticed Harold
  2748 | D:10     | Noticed a komodo dragon
  2757 | D:10     | Killed a komodo dragon
  2757 | D:10     | Killed a komodo dragon
  2950 | D:12     | Noticed a hill giant
  2951 | D:12     | Noticed a hill giant
  2955 | D:12     | Killed a hill giant
  2955 | D:12     | Reached skill level 13 in Axes
  2959 | D:12     | Killed a hill giant
  3111 | D:12     | Noticed a cyan ugly thing
  3124 | D:12     | Killed a cyan ugly thing
  3124 | D:12     | Reached XP level 11. HP: 85/95 MP: 16/16
  3146 | D:12     | Lost mutation: You are dopey. (Int -2) [mutagenic meat]
  3147 | D:12     | Gained mutation: You are partially covered in rough black scales (AC +4, Dex -1). [mutagenic meat]
  3148 | D:12     | Lost mutation: Scrolls take you a little longer to read. [mutagenic meat]
  3149 | D:12     | Gained mutation: You possess an exceptional clarity of mind. [mutagenic meat]
  3150 | D:12     | Gained mutation: You are partially covered in slimy green scales (AC +2). [mutagenic meat]
  3151 | D:12     | Gained mutation: You are clumsy. (Dex -2) [mutagenic meat]
  3238 | D:13     | Found a frozen archway.
  3249 | D:13     | Acquired Trog's third power
  3251 | D:13     | Reached skill level 14 in Axes
  3288 | D:13     | Reached skill level 10 in Fighting
  3302 | IceCv    | Entered an ice cave
  3377 | D:13     | Noticed a hill giant
  3394 | D:13     | Killed a hill giant
  3427 | D:12     | Noticed a red ugly thing
  3437 | D:12     | Killed a red ugly thing
  3472 | D:12     | Noticed a wolf spider
  3482 | D:12     | Killed a wolf spider
  3538 | D:12     | Noticed an orc knight
  3552 | D:12     | Killed an orc knight
  3552 | D:12     | Reached skill level 15 in Axes
  3691 | D:13     | Noticed a vault guard
  3705 | D:13     | Noticed Snorg
  3708 | D:13     | Noticed a vault guard
  3708 | D:13     | Noticed a vault guard
  3708 | D:13     | Noticed a vault guard
  3708 | D:13     | Noticed a vault guard
  3709 | D:13     | Noticed a centaur warrior
  3710 | D:13     | Noticed a vault guard
  3710 | D:13     | Noticed Frances
  3715 | D:13     | Killed Frances
  3715 | D:13     | Reached XP level 12. HP: 21/106 MP: 18/18
  3731 | D:13     | Noticed Maud
  3736 | D:13     | Killed Maud
  3782 | D:12     | Noticed a red ugly thing
  3783 | D:12     | Noticed a green ugly thing
  3867 | D:13     | Killed a centaur warrior
  3868 | D:13     | Killed a vault guard
  3870 | D:13     | Reached skill level 10 in Armour
  3875 | D:13     | Reached skill level 16 in Axes
  3876 | D:13     | Killed a vault guard
  3898 | D:13     | Noticed an unseen horror
  3958 | D:13     | Killed an unseen horror
  3962 | D:13     | Noticed an eight-headed hydra
  3989 | D:13     | Noticed an unseen horror
  4009 | D:13     | Noticed a vault guard
  4013 | D:13     | BYE
  4030 | D:12     | Noticed a white ugly thing
  4045 | D:12     | Noticed a cyclops
  4052 | D:12     | Killed a cyclops
  4053 | D:12     | Noticed a purple ugly thing
  4055 | D:12     | Killed a cyan ugly thing
  4240 | D:10     | Found a staircase to the Lair.
  4279 | D:10     | Noticed Psyche
  4289 | D:10     | Killed Psyche
  4296 | D:9      | Found Ynio's Book Boutique.
  4507 | Lair:1   | Entered Level 1 of the Lair of Beasts
  4724 | Lair:1   | Found a dark tunnel.
  4730 | Lair:1   | Reached skill level 17 in Axes
  4736 | Volcano  | Entered a volcano
  4842 | Volcano  | Found a bloodstained altar of Trog.
  4845 | Volcano  | Reached XP level 13. HP: 116/116 MP: 19/19
  5288 | Lair:3   | Received a gift from Trog
  5415 | Lair:4   | Reached skill level 18 in Axes
  5684 | Lair:6   | Found a labyrinth entrance.
  5695 | Lab      | Entered a labyrinth
  6131 | Lab      | FCUK
  6204 | Lab      | ...
  6270 | Lab      | Noticed a minotaur
  6278 | Lab      | Killed a minotaur
  6281 | Lab      | Got a scorched scale mail
  6284 | Lab      | rpois incoming
  6286 | Lab      | Identified the cursed +1 scale mail of the Loofah {Str+2} (You took it off a minotaur in a labyrinth)
  6334 | Lair:6   | Found a staircase to the Slime Pits.
  6547 | Lair:7   | Reached skill level 19 in Axes
  6552 | Lair:7   | Reached XP level 14. HP: 124/127 MP: 20/20
  6593 | Lair:7   | Paralysed by a wasp for 1 turns
  6660 | Lair:7   | BLACK POISON
  6696 | Lair:7   | Hired Xicven Tusa the tengu for 110 gold.
  6743 | Lair:7   | Reached skill level 20 in Axes
  6743 | Lair:7   | Reached XP level 15. HP: 91/134 MP: 21/21
  6780 | Lair:8   | Entered Level 8 of the Lair of Beasts
  6854 | Lair:8   | Received a gift from Trog
  6856 | Lair:8   | Got a bone executioner's axe {god gift}
  6985 | Lair:8   | Got a pitted platinum amulet
  7019 | Lair:8   | Identified the +3 executioner's axe of Dismay {vamp, rF+ rC+} (Trog gifted it to you on level 8 of the Lair of Beasts)
  7020 | Lair:8   | :)
  7020 | Lair:8   | Identified the amulet of Lyixots {Ward rF+ rN+} (You found it on level 8 of the Lair of Beasts)
  7217 | Lair:6   | Got a jewelled helmet
  7485 | D:11     | Found Jefiup's Quality Used Wands.
  7642 | D:12     | Noticed a hill giant
  7648 | D:12     | Killed a hill giant
  7877 | D:9      | Received a gift from Trog
  7914 | D:9      | Found a staircase to the Orcish Mines.
  7937 | Orc:1    | Entered Level 1 of the Orcish Mines
  7977 | Orc:2    | You fall through a shaft for 2 floors!
  7977 | Orc:4    | Entered Level 4 of the Orcish Mines
  8215 | Orc:4    | Found Veathrae's General Store.
  8235 | Orc:4    | Found Optuz's Food Shop.
  8269 | Orc:4    | Reached skill level 21 in Axes
  8309 | Orc:4    | Received a gift from Trog
  8565 | Orc:3    | Found a staircase to the Elven Halls.
  8612 | Orc:3    | Found a roughly hewn altar of Beogh.
  8725 | Orc:3    | Reached skill level 22 in Axes
  8745 | Orc:3    | Reached XP level 16. HP: 119/144 MP: 22/22
  8757 | Orc:3    | Noticed a fire giant
  8773 | Orc:3    | Killed a fire giant
  8808 | Orc:3    | Identified the Compendium of Stones (You found it on level 3 of the Orcish Mines)
  8920 | Orc:3    | Received a gift from Trog
  9291 | Orc:3    | You are sucked into a shaft!
  9502 | Orc:4    | Found Wihef's Antique Weapon Emporium.
  9503 | Orc:4    | Found a one-way gate leading to the halls of Pandemonium.
  9503 | Orc:4    | Found Tenob's Book Shoppe.
  9594 | Orc:3    | Found a roughly hewn altar of Beogh.
  9704 | Orc:4    | Bought 3 scrolls of acquirement for 2028 gold pieces
  9704 | Orc:4    | Lost mutation: You are clumsy. (Dex -2) [potion of cure mutation]
  9704 | Orc:4    | Lost mutation: You can spit weak poison. [potion of cure mutation]
  9704 | Orc:4    | Lost mutation: You possess an exceptional clarity of mind. [potion of cure mutation]
  9704 | Orc:4    | Lost mutation: You are partially covered in slimy green scales (AC +2). [potion of cure mutation]
  9704 | Orc:4    | Lost mutation: You are partially covered in rough black scales (AC +4, Dex -1). [potion of cure mutation]
  9727 | Orc:4    | Got a faintly humming scale mail
  9738 | Orc:4    | Identified the +1 scale mail of Proximity {Stlth+} (You acquired it on level 4 of the Orcish Mines)
  9801 | Orc:4    | Received a gift from Trog
  9828 | Elf:1    | Entered Level 1 of the Elven Halls
  9852 | Elf:1    | Reached skill level 23 in Axes
 10000 | Elf:2    | Received a gift from Trog
 10070 | Elf:2    | Found a runed gate.
 10070 | Elf:2    | Found a runed gate.
 10070 | Elf:2    | Found a runed gate.
 10106 | Elf:2    | Noticed Saint Roka
 10135 | Elf:3    | Entered Level 3 of the Elven Halls
 10165 | Elf:3    | Noticed a deep elf blademaster
 10166 | Elf:3    | Noticed a deep elf blademaster
 10189 | Elf:3    | Noticed Roxanne
 10211 | Elf:3    | Noticed 4thArraOfDagon's ghost (journeyman FeBe)
 10233 | Elf:3    | Killed 4thArraOfDagon's ghost
 10361 | Elf:3    | Reached skill level 24 in Axes
 10509 | Elf:3    | Noticed an Executioner
 10522 | Elf:3    | Killed an Executioner
 10526 | Elf:3    | Killed a deep elf blademaster
 10526 | Elf:3    | Reached skill level 25 in Axes
 10526 | Elf:3    | Reached XP level 17. HP: 152/152 MP: 23/23
 10713 | Elf:3    | Cast into the Abyss (a deep elf sorcerer)
 10714 | Abyss:1  | :)
 10780 | Abyss:1  | Noticed a bone dragon
 10790 | Abyss:1  | Killed a bone dragon
 11016 | Abyss:1  | Reached skill level 26 in Axes
 11170 | Elf:3    | Escaped the Abyss
 11216 | Elf:3    | Cast into the Abyss (a deep elf sorcerer)
 11269 | Abyss:1  | Gained mutation: Your spells are a little harder to cast, but a little more powerful. [potion of beneficial mutation]
 11449 | Abyss:2  | Found a corrupted altar of Lugonu.
 11721 | Abyss:3  | Reached skill level 15 in Fighting
 11815 | Abyss:3  | Found a corrupted altar of Lugonu.
 11931 | Abyss:3  | Reached skill level 15 in Armour
 11980 | Abyss:4  | Got an abyssal rune of Zot
 12190 | Elf:3    | Escaped the Abyss
 12197 | Elf:3    | Reached XP level 18. HP: 153/166 MP: 24/24
 12259 | Elf:3    | Noticed an Ice Fiend
 12272 | Elf:3    | Noticed an Ice Fiend
 12312 | Elf:3    | Killed a deep elf blademaster
 12433 | Elf:3    | Noticed a deep elf master archer
 12446 | Elf:3    | Killed a deep elf master archer
 12481 | Elf:3    | Lost mutation: You are occasionally teleported to nearby monsters. [potion of cure mutation]
 12481 | Elf:3    | Lost mutation: You have a pair of small horns on your head. [potion of cure mutation]
 12481 | Elf:3    | Lost mutation: Your spells are a little harder to cast, but a little more powerful. [potion of cure mutation]
 12493 | Elf:3    | Identified the +4 helmet of Aduese {Regen+ Slay+3 SInv} (You found it on level 6 of the Lair of Beasts)
 12698 | D:9      | :(
 12761 | D:8      | Found a shimmering altar of Xom.
 12768 | D:8      | Found an ancient bone altar of Kikubaaqudgha.
 12768 | D:8      | Found a burning altar of Makhleb.
 12768 | D:8      | Found a sparkling altar of Nemelex Xobeh.
 12773 | D:8      | Found a blossoming altar of Fedhas.
 12776 | D:8      | Fell from the grace of Trog
 12776 | D:8      | Became a worshipper of Makhleb the Destroyer
 12808 | D:9      | You fall through a shaft for 2 floors!
 12838 | D:11     | Learned a level 1 spell: Apportation
 12842 | D:11     | Learned a level 3 spell: Regeneration
 12846 | D:11     | Learned a level 3 spell: Spectral Weapon
 12851 | D:11     | Learned a level 4 spell: Passage of Golubria
 12853 | D:11     | Learned a level 1 spell: Animate Skeleton
 12882 | D:13     | Killed a purple ugly thing
 12884 | D:13     | Killed a vault guard
 12888 | D:13     | Killed Snorg
 12900 | D:13     | Noticed a tengu warrior
 12909 | D:13     | Killed a tengu warrior
 12947 | D:13     | Killed a 12-headed hydra
 12972 | D:13     | Killed a vault guard
 12978 | D:13     | Killed a vault guard
 12978 | D:13     | Acquired Makhleb's first power
 12999 | D:13     | Found a gate to the Vaults.
 13010 | D:13     | Noticed Urug
 13015 | D:13     | Noticed a vault guard
 13022 | D:13     | Killed a vault guard
 13025 | D:13     | Killed Urug
 13029 | D:13     | Killed a vault guard
 13040 | Vaults:1 | Entered Level 1 of the Vaults
 13093 | Vaults:1 | Found Xuf Teclen's General Store.
 13107 | Vaults:1 | Reached skill level 1 in Necromancy
 13136 | Vaults:1 | Bought a potion of curing for 45 gold pieces
 13136 | Vaults:1 | Bought a scroll of recharging for 142 gold pieces
 13136 | Vaults:1 | Bought a scroll of identify for 30 gold pieces
 13177 | Vaults:1 | Acquired Makhleb's second power
 13177 | Vaults:1 | Reached skill level 1 in Translocations
 13180 | Vaults:1 | Reached skill level 1 in Charms
 13296 | Vaults:1 | Found Gufog's Distillery.
 13318 | Vaults:1 | Bought a potion of agility for 64 gold pieces
 13318 | Vaults:1 | Bought 2 potions of curing for 96 gold pieces
 13318 | Vaults:1 | Bought a potion of berserk rage for 80 gold pieces
 13318 | Vaults:1 | Bought a potion of berserk rage for 80 gold pieces
 13318 | Vaults:1 | Bought a potion of lignification for 48 gold pieces
 13334 | Vaults:1 | Found Fintuhyu's Antique Weapon Emporium.
 13501 | Vaults:2 | Acquired Makhleb's third power
 13549 | Vaults:3 | Reached skill level 1 in Spellcasting
 13630 | Vaults:3 | Reached XP level 19. HP: 177/177 MP: 25/25
 13817 | Vaults:5 | Entered Level 5 of the Vaults
 13830 | Vaults:4 | Acquired Makhleb's fourth power
 13853 | Vaults:4 | Reached skill level 5 in Necromancy
 13895 | Vaults:5 | Cast into the Abyss (an ogre mage)
 13896 | Abyss:1  | Noticed a lich
 13900 | Vaults:5 | Escaped the Abyss
 13903 | Vaults:5 | Acquired Makhleb's fifth power
 13906 | Vaults:5 | Reached skill level 5 in Charms
 14101 | Vaults:4 | Reached skill level 5 in Translocations
 14130 | Vaults:3 | Noticed Wiglaf
 14151 | Vaults:3 | Killed Wiglaf
 14183 | Vaults:3 | Reached skill level 1 in Invocations
 14366 | Vaults:4 | Reached XP level 20. HP: 165/184 MP: 26/26
 14676 | Vaults:5 | Noticed a golden dragon
 14694 | Vaults:5 | Killed a golden dragon
 15086 | Vaults:5 | Reached skill level 5 in Invocations
 15143 | Vaults:5 | Identified the Tome of Heat and Conjuration
 15181 | Vaults:5 | Noticed a golden dragon
 15194 | Vaults:5 | Reached skill level 5 in Spellcasting
 15195 | Vaults:5 | Noticed a golden dragon
 15200 | Vaults:5 | Killed a golden dragon
 15213 | Vaults:5 | Killed a golden dragon
 15213 | Vaults:5 | Reached XP level 21. HP: 191/191 MP: 28/28
 15319 | Vaults:5 | Gained mutation: You have sharp toenails. [a shining eye]
 15350 | Vaults:5 | Learned a level 2 spell: Blink
 15353 | Vaults:5 | Identified Lehudib's Handbook of Attacks and Feathers
 15402 | Vaults:5 | Got a scintillating brass ring
 15453 | Vaults:5 | Got a silver rune of Zot
 15625 | Vaults:3 | Identified the ring "Ylafoxzi" {rElec rN+ Dex+4} (You found it on level 5 of the Vaults)
 15708 | Vaults:2 | Found Tyriteoz's Weapon Shop.
 15750 | Vaults:2 | Found a staircase to the Crypt.
 15764 | Crypt:1  | Entered Level 1 of the Crypt
 15836 | Crypt:1  | Reached skill level 10 in Necromancy
 15920 | Crypt:3  | Entered Level 3 of the Crypt
 16046 | Crypt:3  | Reached skill level 10 in Charms
 16097 | Crypt:3  | Found a staircase to the Tomb.
 16132 | Tomb:1   | Entered Level 1 of the Tomb of the Ancients
 16234 | Tomb:1   | hell tengu god
 16237 | Tomb:1   | Noticed Sojobo
 16251 | Tomb:1   | Killed Sojobo
 16288 | Tomb:1   | Got a scorched pewter amulet
 16290 | Tomb:1   | Identified the amulet "Koqihit" {*Contam rElec rC+ Regen+} (You found it on level 1 of the Tomb of the Ancients)
 16337 | Tomb:1   | Lost mutation: You have sharp toenails. [helix card]
 16547 | Tomb:1   | Noticed a greater mummy
 16629 | Tomb:1   | Killed a greater mummy
 16637 | Tomb:1   | Reached XP level 22. HP: 71/198 MP: 25/31
 16756 | Tomb:1   | Noticed a greater mummy
 16822 | Tomb:1   | Noticed a greater mummy
 16857 | Tomb:1   | Killed a greater mummy
 16940 | Tomb:1   | Killed a greater mummy
 16993 | Tomb:1   | Reached skill level 10 in Translocations
 17087 | Tomb:2   | Noticed a greater mummy
 17087 | Tomb:2   | Noticed a greater mummy
 17088 | Tomb:2   | Noticed a greater mummy
 17092 | Tomb:2   | Noticed a greater mummy
 17284 | Tomb:1   | Killed a greater mummy
 17290 | Tomb:1   | Killed a greater mummy
 17361 | Tomb:1   | Killed a greater mummy
 17458 | Tomb:1   | Identified Lee's Compendium of Earth (You found it on level 1 of the Tomb of the Ancients)
 17497 | Tomb:1   | ol
 17534 | Tomb:1   | Killed a greater mummy
 17869 | Tomb:1   | Noticed a greater mummy
 17873 | Tomb:1   | Noticed a greater mummy
 17873 | Tomb:1   | Noticed a greater mummy
 17877 | Tomb:1   | Noticed a greater mummy
 17891 | Tomb:2   | Killed a greater mummy
 17941 | Tomb:1   | Noticed a greater mummy
 17952 | Tomb:2   | Killed a greater mummy
 18009 | Tomb:2   | Killed a greater mummy
 18052 | Tomb:1   | Noticed a greater mummy
 18065 | Tomb:2   | Killed a greater mummy
 18145 | Tomb:2   | Killed a greater mummy
 18153 | Tomb:3   | Entered Level 3 of the Tomb of the Ancients
 18238 | Tomb:3   | Noticed a greater mummy
 18256 | Tomb:2   | Reached XP level 23. HP: 104/202 MP: 33/33
 18294 | Tomb:3   | Noticed a greater mummy
 18363 | Tomb:3   | Noticed a greater mummy
 18364 | Tomb:3   | Noticed a greater mummy
 18375 | Tomb:2   | Killed a greater mummy
 18386 | Tomb:2   | HP: 1/205 [reaper/scythe of protection[a greater mummy's death curse] (21)]
 18575 | Tomb:2   | Killed a greater mummy
 18767 | Tomb:2   | Killed a greater mummy
 18777 | Tomb:2   | HP: 4/202 [reaper/scythe of venom[a greater mummy's death curse] (27)]
 18783 | Tomb:2   | Killed a greater mummy
 18787 | Tomb:2   | HP: 14/307 [reaper/scythe of slicing[a greater mummy's death curse] (11)]
 19066 | Tomb:3   | Noticed an ancient lich
 19134 | Tomb:2   | Killed an ancient lich
 19142 | Tomb:3   | Noticed Khufu
 19159 | Tomb:3   | Noticed a greater mummy
 19170 | Tomb:2   | Killed Khufu
 19212 | Tomb:2   | Killed a greater mummy
 19280 | Tomb:3   | Noticed Jorgrun
 19292 | Tomb:3   | Killed Jorgrun
 19309 | Tomb:3   | Got a translucent iron ring
 19313 | Tomb:3   | Identified the ring "Bink" {Ice Str-3 Slay+4} (You found it on level 3 of the Tomb of the Ancients)
 19323 | Tomb:3   | Got a clouded brass ring
 19325 | Tomb:3   | Identified the ring "Nahilej" {rN+ MP+9 Str+2 Dex+2} (You found it on level 3 of the Tomb of the Ancients)
 19340 | Tomb:3   | Noticed a greater mummy
 19353 | Tomb:3   | Killed a greater mummy
 19399 | Tomb:3   | Noticed a greater mummy
 19413 | Tomb:3   | Killed a greater mummy
 19521 | Tomb:3   | Got a golden rune of Zot
 19532 | Tomb:3   | Reached XP level 24. HP: 203/210 MP: 33/33
 19601 | Tomb:3   | Got a polished crystal plate armour
 19673 | Tomb:3   | Identified the +8 crystal plate armour "Kigyra" {Int+4} (You found it on level 3 of the Tomb of the Ancients)
 19715 | Tomb:2   | WTF:(
 19772 | Tomb:2   | Cast into the Abyss (a Zot trap)
 19780 | Abyss:1  | Found a stormy altar of Qazlal.
 19785 | Abyss:1  | Found a shadowy altar of Dithmenos.
 19795 | Abyss:1  | Found a shimmering altar of Xom.
 19797 | Abyss:1  | Found a basalt altar of Yredelemnul.
 19799 | Abyss:1  | Found a radiant altar of Vehumet.
 20096 | Abyss:3  | Found a burning altar of Makhleb.
 20299 | Abyss:3  | Gained mutation: You have large cloven feet. [a neqoxec]
 20330 | Abyss:3  | Found an iron altar of Okawaru.
 20587 | Abyss:3  | Found an iron altar of Okawaru.
 20594 | Abyss:3  | Found a corrupted altar of Lugonu.
 20675 | Abyss:3  | Found a shattered altar of Ashenzari.
 21133 | Abyss:3  | Found a corrupted altar of Lugonu.
 21150 | Tomb:2   | Escaped the Abyss
 21403 | Crypt:3  | Found an ancient bone altar of Kikubaaqudgha.
 21881 | D:15     | Entered Level 15 of the Dungeon
 21938 | D:15     | Found a sparkling altar of Nemelex Xobeh.
 21939 | D:15     | Found a shimmering altar of Xom.
 21939 | D:15     | Found an opulent altar of Gozag.
 22054 | D:15     | Found a staircase to the Depths.
 22063 | Depths:1 | Entered Level 1 of the Depths
 22167 | Depths:1 | Noticed Nikola
 22210 | Depths:1 | Killed Nikola
 22210 | Depths:1 | Reached XP level 25. HP: 198/221 MP: 33/33
 22378 | Depths:2 | Found a magical portal.
 22387 | WizLab   | Entered Cigotuvi's Fleshworks
 22528 | WizLab   | Gained mutation: You are partially covered in rough black scales (AC +4, Dex -1). [potion of beneficial mutation]
 22529 | WizLab   | Gained mutation: You are agile. (Dex +2) [potion of beneficial mutation]
 22530 | WizLab   | Gained mutation: Your system is resistant to poisons. [potion of beneficial mutation]
 22531 | WizLab   | Gained mutation: Your muscles are strong. (Str +2) [potion of beneficial mutation]
 22532 | WizLab   | Gained mutation: You have sharp fingernails. [potion of beneficial mutation]
 22745 | WizLab   | Paralysed by a giant eyeball for 4 turns
 22984 | Depths:2 | Was forgiven by Trog
 23028 | Depths:3 | Learned a level 5 spell: Phase Shift
 23238 | Depths:5 | Entered Level 5 of the Depths
 23376 | Depths:4 | Found a gateway to Hell.
 23414 | Depths:4 | Noticed Margery
 23422 | Depths:4 | Killed Margery
 23936 | Depths:4 | Found a gateway to a ziggurat.
 23988 | Zig:1    | Entered Level 1 of a ziggurat
 24007 | Zig:2    | Entered Level 2 of a ziggurat
 24032 | Zig:3    | Entered Level 3 of a ziggurat
 24064 | Zig:3    | Identified the Guide on Talismans (You found it on level 3 of a ziggurat)
 24068 | Zig:3    | Learned a level 2 spell: Repel Missiles
 24072 | Zig:4    | Entered Level 4 of a ziggurat
 24105 | Zig:4    | Drew Focus: Str increased to 25, Dex decreased to 9
 24117 | Zig:4    | Learned a level 5 spell: Silence
 24119 | Zig:5    | Entered Level 5 of a ziggurat
 24149 | Zig:6    | Entered Level 6 of a ziggurat
 24206 | Zig:7    | Entered Level 7 of a ziggurat
 24219 | Zig:7    | Reached XP level 26. HP: 244/244 MP: 33/33
 24240 | Zig:7    | Identified the Incunabulum of the Oath (You found it on level 7 of a ziggurat)
 24243 | Zig:8    | Entered Level 8 of a ziggurat
 24291 | Zig:8    | Got a clouded wooden ring
 24292 | Zig:8    | Identified the ring of Ereyqor {rPois rF+ Str+2 SInv} (You found it on level 8 of a ziggurat)
 24296 | Zig:8    | Got a twitching lead ring
 24297 | Zig:8    | Identified the ring of Immorality {rF+ SInv} (You found it on level 8 of a ziggurat)
 24311 | Zig:8    | Learned a level 6 spell: Haste
 24313 | Zig:9    | Entered Level 9 of a ziggurat
 24395 | Zig:9    | Got a coiled pewter amulet
 24396 | Zig:9    | Identified the amulet of the Worm {Regen+ Int+3} (You found it on level 9 of a ziggurat)
 24398 | Zig:9    | Got a clouded granite ring
 24399 | Zig:9    | Identified the ring of Reimbursement {rC- Int+4 Slay+3} (You found it on level 9 of a ziggurat)
 24401 | Zig:10   | Entered Level 10 of a ziggurat
 24482 | Zig:10   | Got a pitted platinum ring
 24483 | Zig:10   | Identified the ring "Acvyfupp" {Int+2 Slay+3} (You found it on level 10 of a ziggurat)
 24520 | Zig:11   | Entered Level 11 of a ziggurat
 24533 | Zig:11   | Noticed a juggernaut
 24545 | Zig:11   | Noticed a juggernaut
 24545 | Zig:11   | Killed a juggernaut
 24566 | Zig:11   | Killed a juggernaut
 24610 | Zig:12   | Entered Level 12 of a ziggurat
 24728 | Zig:13   | Entered Level 13 of a ziggurat
 24830 | Zig:13   | Reached XP level 27. HP: 255/258 MP: 26/35
 24833 | Zig:14   | Entered Level 14 of a ziggurat
 24850 | Zig:14   | Paralysed by accursed screaming for 1 turns
 24857 | Zig:14   | Paralysed by accursed screaming for 2 turns
 24865 | Zig:14   | Paralysed by accursed screaming for 2 turns
 24895 | Zig:14   | Paralysed by accursed screaming for 2 turns
 24899 | Zig:14   | Cast into the Abyss (a lich)
 24904 | Zig:14   | Escaped the Abyss
 24904 | Zig:14   | Paralysed by accursed screaming for 2 turns
 24946 | Zig:15   | Entered Level 15 of a ziggurat
 25060 | Zig:16   | Entered Level 16 of a ziggurat
 25141 | Zig:16   | HP: 11/260 [greater mummy/divine providence (11)]
 25142 | Zig:16   | HP: 4/260 [greater mummy/divine providence (8)]
 25142 | Zig:16   | Killed from afar by a mummy priest

Vault maps used:
D:1:      arrival_zaba_pyramid, st_stairs_4, hangedman_decor_points,
          grunt_decor_fettered
D:2:      first_bread, st_stairs_6, minmay_goblin_kobold_house
D:3:      nicolae_ru_the_path_less_chosen
D:4:      st_stairs_6, nicolae_tso_besieged_by_evil, uniq_grinder
D:5:      minmay_temple_entry_grid, basic_altar, minmay_misc_feat_doors,
          uniq_blork_the_orc
D:6:      lemuel_old_faithful
D:8:      minitemple, uniq_pikel, uniq_maurice
D:9:      erik_orc_1, serial_shops, nicolae_shop_crystal
D:10:     dpeg_lair_monsters, grunt_pizzeria, grunt_potential, uniq_psyche,
          uniq_harold, uniq_nergalle
D:11:     basic_loot_grate_trap, nicolae_for_you_no_charge
D:12:     minmay_isolated_rectangles_in_corner
D:13:     erik_vaults_2, portal_ice_cave_entry_ice_beasts, uniq_maud,
          uniq_frances, uniq_urug, uniq_snorg
D:14:     abandoned_shop, fountainhead
D:15:     hangedman_slaughterboxes, uniq_azrael
Lair:1:   enter_volcano_3
Lair:2:   grunt_megastairs_3, infiniplex_staircase_pool
Lair:3:   beast_lair_carwin_large_4
Lair:4:   minmay_lair_drake_nest, infiniplex_staircase_pool_2
Lair:5:   eino_small_chamber_without_monster, minivault_29,
          serial_bayou_shore_a, lemuel_fruit_fields
Lair:6:   minmay_swamp_entry_reptiles, minmay_snake_entry_guardpost_large,
          minmay_slime_entry_jelly_boxes, lab_entry_generic, minivault_11
Lair:7:   minmay_lair_venomous_thicket, kennysheep_basilisk_garden,
          lemuel_fruit_fields
Lair:8:   minmay_lair_end_frog_pond
Orc:1:    serial_shops, nicolae_shop_window_shopping
Orc:3:    giant_chief_lemuel, nicolae_orc_pool_cavern, hangedman_feature_mirror
Orc:4:    pf_orc_diabolical
Elf:1:    hangedman_elf_represent, uniq_donald
Elf:2:    serial_shops, shop_fountains, enter_trove_0, uniq_saint_roka
Elf:3:    minmay_elf_hall_x, hangedman_elf_simple_split, stair_cage_wide,
          st_stairs_11, lemuel_flamethrower_1, uniq_roxanne
Vaults:1: nicolae_vaults_triangles, v_misc_5, vaults_room_pool,
          grunt_vaults_hallway_short, nicolae_vaults_little_squares_1,
          dpeg_vaults_monster_row, vaults_room_corners, v_misc_25,
          ontoclasm_vaults_loading_screen, v_misc_31, v_misc_2, v_misc_25,
          serial_shops, shop, shop, shop, nicolae_shop_waterfront,
          nicolae_shop_stone
Vaults:2: vaults_room_pools, vaults_room_fancy_cross, hangedman_vaults_impose,
          v_misc_29, blue_anna_dwarven_crypt, hangedman_vaults_snaps,
          vaults_mumra_hexcomb, vaults_room_door_hall, ontoclasm_vaults_spin,
          vaults_dpeg_spiral, ontoclasm_vaults_ligature, basic_altar,
          serial_shops, shop
Vaults:3: grunt_vaults_focal, grunt_vaults_hallway_long,
          nicolae_vaults_diagonal_hallway_7, hangedman_vaults_maws,
          nicolae_vaults_asterisk, v_pattern_3, hangedman_vaults_corner,
          hangedman_vaults_nails, stair_cage_open, vaults_dpeg_hooks, v_misc_5,
          nicolae_vaults_border_crossing, nicolae_vaults_gold_heap, uniq_wiglaf
Vaults:4: ontoclasm_vaults_ring_square, v_rooms_5, vaults_standard_mumra_x,
          v_pattern_4, v_misc_18, nicolae_vaults_alarming,
          nicolae_vaults_rhombus_5, vaults_mumra_chevron_long,
          nicolae_vaults_theta, v_misc_27, v_misc_19
Vaults:5: serial_shops
Crypt:2:  lemuel_nasty_fountain
Crypt:3:  grunt_crypt_end_deaths_head, uniq_frederick
Tomb:1:   uniq_sojobo
Tomb:3:   uniq_jorgrun
Depths:1: hell_entry, rand_demon_pan_entry_5, st_stairs_14,
          hangedman_stitches_earthworm, uniq_nikola
Depths:2: lemuel_minitomb, mu_enter_wizlab_3, pan_entry, lightli_too_deep,
          infiniplex_staircase_zigzag_5, roderic_lattice_a, firewood_loft
Depths:3: cell_vault, hell_entry, small_statue_intersection,
          rand_demon_pan_entry_8, minmay_strange_pillars,
          kennysheep_big_empty_room, infiniplex_staircase_squiggle,
          basic_stair_grate_trap
Depths:4: minmay_distorted_concentric_squares, enter_ziggurat_f,
          minmay_room_of_horrors, hell_entry, lemuel_flamethrower_3,
          uniq_margery
Depths:5: evilmike_zot_entry_argh, hangedman_tar_grid_catacomb,
          columned_hall_lemuel
Abyss:1:  hangedman_abyss_or_decor_stagger, hangedman_steaming_rock,
          hangedman_abyss_feature_spike, lemuel_flamethrower_2,
          evilmike_abyss_exit_disperse, minivault_4
Abyss:2:  bh_abyss_exit_grid, minivault_25
Abyss:3:  evilmike_abyss_exit_7, hangedman_abyss_or_decor_clamps
Abyss:4:  kb_abyss_rune_zappy, evilmike_abyss_exit_12
Zig:10:   ziggurat_pillar_centre_oklobs
Zig:14:   ziggurat_pillar_centre_dead_trees
Zig:16:   ziggurat_pillar_centre_smoke
Lab:      labyrinth_mini_lab, labyrinth_skeletal_remains
IceCv:    ice_cave_statue_garden_01
Volcano:  volcano_grotto
WizLab:   wizlab_cigotuvi

Action                   |  1- 3 |  4- 6 |  7- 9 | 10-12 | 13-15 | 16-18 | 19-21 | 22-24 | 25-27 || total
-------------------------+-------+-------+-------+-------+-------+-------+-------+-------+-------++-------
Melee: Hand axe          |    64 |   139 |   217 |    17 |       |       |       |       |       ||   437
       Battleaxe         |       |       |       |   327 |   463 |       |       |       |       ||   790
       Executioner's axe |       |       |       |       |   354 |  1165 |  1060 |  1646 |  1114 ||  5339
 Cast: Animate Skeleton  |       |       |       |       |       |       |     7 |    15 |     1 ||    23
       Apportation       |       |       |       |       |       |       |     4 |    35 |    43 ||    82
       Regeneration      |       |       |       |       |       |       |     3 |   118 |    33 ||   154
       Passage of Golubr |       |       |       |       |       |       |       |     4 |     2 ||     6
       Blink             |       |       |       |       |       |       |       |     3 |       ||     3
       Repel Missiles    |       |       |       |       |       |       |       |       |     2 ||     2
Invok: Berserk           |     3 |     4 |    14 |    16 |    11 |     4 |       |       |       ||    52
       Trog's Hand       |       |     4 |    13 |    13 |    11 |    31 |       |       |       ||    72
       Burn Spellbooks   |       |       |     1 |       |       |     3 |       |       |       ||     4
       Brothers in Arms  |       |       |       |     2 |     6 |     7 |       |       |       ||    15
       Greater Servant o |       |       |       |       |       |       |     2 |     3 |     6 ||    11
       Lesser Servant of |       |       |       |       |       |       |       |     4 |       ||     4
 Abil: Evoke Flight      |       |       |       |       |     1 |     1 |       |       |       ||     2
       Evoke Invisibilit |       |       |       |       |       |     1 |       |       |       ||     1
       Turn Visible      |       |       |       |       |       |     1 |       |       |       ||     1
Evoke: Wand              |       |       |     6 |       |     1 |    19 |     2 |    13 |     2 ||    43
       Deck              |       |       |       |       |     3 |     1 |     2 |     3 |     5 ||    14
       Box of beasts     |       |       |       |       |       |       |     1 |       |       ||     1
       Lamp of fire      |       |       |       |       |       |       |       |     2 |       ||     2
       Sack of spiders   |       |       |       |       |       |       |       |     2 |       ||     2
       Fan of gales      |       |       |       |       |       |       |       |     1 |       ||     1
  Use: Scroll            |       |     3 |     6 |    18 |    14 |    14 |    15 |    25 |    22 ||   117
       Potion            |       |       |     2 |     1 |     1 |    13 |    13 |    12 |    17 ||    59
 Stab: Distracted        |       |       |       |       |       |     3 |     2 |     3 |     5 ||    13
       Invisible         |       |       |       |       |       |     5 |       |     4 |       ||     9
       Confused          |       |       |       |       |       |       |       |     2 |     2 ||     4
       Held in net/web   |       |       |       |       |       |       |       |     1 |       ||     1
  Eat: Chunk             |       |     8 |    22 |    41 |     9 |    10 |    15 |    12 |     2 ||   119
       Fruit             |       |       |       |     4 |       |     3 |       |     2 |     5 ||    14
       Pizza             |       |       |       |       |    10 |     2 |       |     1 |       ||    13
       Beef jerky        |       |       |       |       |     4 |     5 |     1 |       |       ||    10
       Royal jelly       |       |       |       |       |     2 |       |       |       |     1 ||     3
       Bread ration      |       |       |       |       |       |     1 |       |     6 |     2 ||     9
